 Dungeon Crawl Stone Soup version 0.20.0-10-g0535bb4 (webtiles) character file.

40161 Raukatau the Executioner (level 13, -8/118 HPs)
             Began as a Minotaur Berserker on June 5, 2017.
             Was a High Priest of Trog.
             Mangled by a wight
             ... wielding a +2 long sword of freezing
              (9 damage)
             ... on level 14 of the Dungeon on June 7, 2017.
             The game lasted 01:51:11 (16240 turns).

Raukatau the Executioner (Minotaur Berserker)      Turns: 16240, Time: 01:51:13

Health: -8/118     AC: 12    Str: 23    XL:     13   Next: 73%
Magic:  4/4        EV: 15    Int:  5    God:    Trog [*****.]
Gold:   1931       SH:  5    Dex: 13    Spells: 12/12 levels left

rFire    . . .     SeeInvis .   Z - +3 battleaxe (antimagic)
rCold    . . .     Gourm    .   (shield currently unavailable)
rNeg     . . .     Faith    .   H - +0 troll leather armour
rPois    .         Spirit   .   o - +2 hat
rElec    .         Reflect  +   p - +1 cloak
rCorr    .         Harm     .   (no gloves)
MR       ++...                  P - +0 pair of boots
Stlth    +.........             z - +5 amulet of reflection
Regen    1.7/turn               (no ring)
MPRegen  0.1/turn               a - +3 ring of evasion

@: berserk cooldown, regenerating, slowed, very slow
A: retaliatory headbutt, horns 2
a: Berserk, Trog's Hand, Brothers in Arms, Burn Spellbooks, Renounce Religion


You were on level 14 of the Dungeon.
You worshipped Trog.
Trog was extremely pleased with you.
You were hungry.

You visited 2 branches of the dungeon, and saw 16 of its levels.
You also visited: Ice Cave.

You collected 1931 gold pieces.

Inventory:

Hand Weapons
 q - a +4 executioner's axe of flaming
 A - the +8 hunting sling "Jellybane" {freeze, *Slow rElec Int-3 Stlth+}
   (You found it in an ice cave)

   It causes projectiles fired from it to freeze those they strike, causing
   extra injury to most foes and up to half again as much damage against
   particularly susceptible opponents.
   They can also slow down cold-blooded creatures.
   It affects your intelligence (-3).
   It insulates you from electricity.
   It may slow you when you take damage.
   It makes you more stealthy.
 R - a +0 blowgun
 Z - a +3 antimagic battleaxe (weapon)
Missiles
 r - 58 poisoned needles
 F - a throwing net (quivered)
 M - 2 needles of sleeping
Armour
 o - a +2 hat (worn)
 p - a +1 cloak (worn)
 H - a +0 troll leather armour (worn)
 P - a +0 pair of boots (worn)
 W - a +1 chain mail of cold resistance
Jewellery
 a - a +3 ring of evasion (right hand)
 h - an uncursed amulet of the gourmand {unknown}
 i - an uncursed ring of fire
 t - a +1 ring of evasion
 z - a +5 amulet of reflection (around neck)
 S - an uncursed ring of flight
Wands
 b - a wand of confusion (21/48)
 s - a wand of lightning (2/15)
 y - a wand of paralysis (14/24)
 E - a wand of acid (13/15)
 O - a wand of disintegration (3/24)
 T - a wand of scattershot (4/9)
 X - a wand of iceblast (7/15)
 Y - a wand of confusion (13/48)
Scrolls
 d - 3 scrolls of recharging
 e - 14 scrolls of teleportation
 k - 7 scrolls of remove curse
 n - 2 scrolls of blinking
 w - 2 scrolls of immolation
 N - 2 scrolls of enchant armour
 Q - a scroll of fog
Potions
 f - 2 potions of lignification
 g - a potion of agility
 j - 2 potions of flight {unknown}
 l - a potion of heal wounds
 x - 2 potions of curing
 C - a potion of might
 G - a potion of ambrosia
 I - 2 potions of mutation
 J - 5 potions of brilliance {unknown}
 K - 2 potions of haste
 L - 4 potions of invisibility
 U - a potion of cancellation {unknown}
Miscellaneous
 v - a box of beasts
 V - a phial of floods
Comestibles
 c - 6 bread rations
 u - 3 meat rations
 B - 12 chunks of flesh
 D - 5 royal jellies


   Skills:
 + Level 12.1 Fighting
 + Level 21.4 Axes
 - Level 11.3 Armour
 - Level 2.1 Dodging


You had 12 spell levels left.
You didn't know any spells.

Dungeon Overview and Level Annotations

Branches:
Dungeon (14/15)            Temple (0/1) D:6            Lair (0/6) D:8
    Orc (2/2) D:9             Elf (0/3) Orc:2        Vaults (0/5) D:13

Altars:
Ashenzari
Dithmenos
Gozag
Kikubaaqudgha
Makhleb
Nemelex Xobeh
Okawaru
Qazlal
Sif Muna
Zin
Beogh

Annotations:
D:2 Sigmund
D:3 exclusion: upstairs
D:14 Joseph


Innate Abilities, Weirdness & Mutations

You reflexively headbutt those who attack you in melee.
You have a pair of horns on your head.


Message History

Your skin crawls.
You feel resistant to hostile enchantments.
You feel somewhat more hungry.
Your surroundings suddenly seem different.
The wight throws a stone.
The stone completely misses you.
Joseph shoots a sling bullet.
The sling bullet hits you!
* * * LOW HITPOINT WARNING * * *
x2 The wight hits you but does no damage.
The wight throws a stone.
The stone barely misses you.
Found 9 large rocks, five clubs, 42 stones and a hand axe. 5 wights come into view.
A wight is wielding a long sword of freezing.
You slice the wight!!
You destroy the wight!
Trog accepts your kill.
You hit the wight.
Joseph shoots a sling bullet.
The sling bullet hits you!
* * * LOW HITPOINT WARNING * * *
x2 The wight throws a stone.
The stone hits you but does no damage.
The wight hits you with a long sword of freezing!
You die...

..........#
#...........# #
#...........# #.
............#
###.###...........######
z...(.)...l.......(.....
.(....)....u.u...T(.....
......))(.....Y(uY######
)...((.@(?....@Y..# #
..z.z...z.....(...# #
....)..(.......)..# #
.......(.(.....)(.# #
..)..(............# #
.........(.......(######
####.##...........(....)
.. ..............(..)
...........####..


You could see 2 ugly things, Joseph, a basilisk, a sky beast and 4 wights.

Vanquished Creatures
  The ghost of IcyNumb the Swashbuckler, a journeyman KoHu of Makhleb (Orc:1)
  A reaper (IceCv)
  Snorg (D:12)
  A hydra (D:13)
  A vault guard (D:13)
  2 centaur warriors (D:13)
  2 two-headed ogres
  An orc high priest (Orc:1)
  A wizard (D:13)
  2 necromancers (D:13)
  Pikel (D:6)
  An orc knight (D:9)
  A wolf spider zombie (D:10)
  A manticore (D:12)
  4 cyclopes
  2 orc sorcerers
  2 deep elf magi (Orc:1)
  5 slime creatures (D:13)
  3 ugly things
  A centaur zombie (D:12)
  2 ice statues (IceCv)
  A komodo dragon (D:13)
  A kobold demonologist (D:11)
  A tengu conjurer (D:11)
  11 ice devils
  6 trolls
  3 hippogriffs
  2 shadows
  A wyvern (D:9)
  12 yaks
  A steam dragon (D:10)
  4 hogs (D:7)
  22 humans
  A hungry ghost (D:12)
  3 wargs
  A soldier ant (D:10)
  A water moccasin (D:13)
  A porcupine (D:8)
  3 ice beasts
  3 sky beasts
  A swamp drake (Orc:1)
  2 slaves
  An eye of draining (D:13)
  18 orc warriors
  The ghost of Kriby the Chopper, an amateur HOFi (D:3)
  A necrophage (D:7)
  4 ogres
  3 phantoms
  14 centaurs
  A crocodile (D:8)
  11 bullfrogs
  3 big kobolds
  A wyvern skeleton (D:10)
  A scorpion (D:8)
  12 killer bees
  A wight (D:14)
  8 howler monkeys
  3 crimson imps
  2 bullfrog zombies (D:8)
  6 hounds
  A jelly (D:13)
  29 orc wizards
  6 centaur skeletons
  18 orc priests
  3 bullfrog skeletons
  An iron imp (Orc:1)
  4 iguanas
  9 worker ants
  A hound zombie (D:8)
  3 hound skeletons
  A howler monkey zombie (D:9)
  A worker ant zombie (D:8)
  13 gnolls
  13 adders
  2 shadow imps
  8 white imps
  5 ufetubi (IceCv)
  An ooze (D:2)
  2 adder skeletons
  6 worms
  A dart slug (D:1)
  5 leopard geckos
  117 orcs
  6 giant cockroaches
  2 hobgoblins (D:3)
  6 jackals
  A quokka (D:8)
  2 ball pythons
  9 bats
  3 frilled lizards
  A giant cockroach zombie (D:5)
  5 goblins
  18 kobolds
  A leopard gecko zombie (D:5)
  5 rats
517 creatures vanquished.

Vanquished Creatures (collateral kills)
  A two-headed ogre (Orc:2)
  An orc sorcerer (Orc:2)
  3 yaks (D:8)
  A warg (Orc:1)
  2 porcupines (D:8)
  4 orc warriors
  2 crocodiles (D:8)
  A scorpion (D:8)
  2 orc priests
  3 orc wizards
  12 orcs
  A quokka (D:8)
33 creatures vanquished.

Vanquished Creatures (others)
  A cyclops (D:13)
  A centaur (D:11)
  3 white imps (IceCv)
  4 ufetubi (IceCv)
  2 bushes (D:8)
  2 fungi (D:8)
  A plant (D:8)
14 creatures vanquished.

Grand Total: 564 creatures vanquished

Notes
Turn   | Place    | Note
-------+----------+-------------------------------------------
     0 | D:1      | Raukatau the Minotaur Berserker began the quest for the Orb.
     0 | D:1      | Reached XP level 1. HP: 19/19 MP: 0/0
   132 | D:1      | Reached skill level 4 in Axes
   305 | D:1      | Reached XP level 2. HP: 22/26 MP: 1/1
   631 | D:2      | Noticed Sigmund
   972 | D:2      | Reached skill level 5 in Axes
   972 | D:2      | Reached XP level 3. HP: 31/31 MP: 2/2
  1013 | D:2      | Found a shadowy altar of Dithmenos.
  1013 | D:2      | Found an iron altar of Okawaru.
  1260 | D:3      | Reached skill level 6 in Axes
  1260 | D:3      | Reached XP level 4. HP: 39/39 MP: 3/3
  1381 | D:3      | Noticed Kriby's ghost (amateur HOFi)
  1781 | D:3      | Reached skill level 7 in Axes
  1781 | D:3      | Reached XP level 5. HP: 45/45 MP: 4/4
  1826 | D:3      | Reached ** piety under Trog
  3012 | D:3      | Found a shattered altar of Ashenzari.
  3013 | D:3      | Found a stormy altar of Qazlal.
  3037 | D:3      | Killed Kriby's ghost
  3037 | D:3      | Reached skill level 8 in Axes
  3037 | D:3      | Reached XP level 6. HP: 51/51 MP: 5/5
  3335 | D:4      | Reached *** piety under Trog
  3335 | D:4      | Reached skill level 9 in Axes
  3478 | D:4      | Found an opulent altar of Gozag.
  3549 | D:4      | Reached XP level 7. HP: 55/57 MP: 6/6
  3921 | D:5      | Entered Level 5 of the Dungeon
  3938 | D:5      | Reached skill level 10 in Axes
  4318 | D:5      | Found a glowing silver altar of Zin.
  4347 | D:5      | Reached skill level 11 in Axes
  4874 | D:6      | Reached XP level 8. HP: 64/64 MP: 7/7
  4896 | D:6      | Found a staircase to the Ecumenical Temple.
  4914 | D:6      | Reached **** piety under Trog
  4927 | D:6      | Noticed Pikel
  5147 | D:6      | Reached skill level 12 in Axes
  5218 | D:6      | Found an ancient bone altar of Kikubaaqudgha.
  5380 | D:6      | Killed Pikel
  5380 | D:6      | Reached skill level 13 in Axes
  5443 | D:6      | Found an opulent altar of Gozag.
  6074 | D:7      | Reached XP level 9. HP: 70/70 MP: 8/8
  6195 | D:7      | Reached skill level 14 in Axes
  6350 | D:7      | Reached skill level 15 in Axes
  6962 | D:8      | Found a sparkling altar of Nemelex Xobeh.
  7014 | D:8      | Reached skill level 16 in Axes
  7028 | D:8      | Reached XP level 10. HP: 35/77 MP: 9/9
  7221 | D:8      | Found a staircase to the Lair.
  7536 | D:9      | Found a deep blue altar of Sif Muna.
  7745 | D:9      | Reached skill level 17 in Axes
  7859 | D:9      | Reached ***** piety under Trog
  7965 | D:9      | Found a staircase to the Orcish Mines.
  8008 | D:9      | Received a gift from Trog
  8348 | Orc:1    | Entered Level 1 of the Orcish Mines
  8350 | Orc:1    | Noticed an orc knight
  8352 | Orc:1    | Noticed an orc sorcerer
  8352 | Orc:1    | Noticed a cyclops
  8357 | Orc:1    | Noticed a soul eater
  8357 | Orc:1    | Reached skill level 5 in Armour
  8363 | Orc:1    | Killed an orc sorcerer
  8363 | Orc:1    | Killed a cyclops
  8590 | D:9      | Killed an orc knight
  8738 | Orc:1    | Found a roughly hewn altar of Beogh.
  8790 | Orc:1    | Reached XP level 11. HP: 82/82 MP: 10/10
  8797 | Orc:1    | Noticed a deep elf mage
  8806 | Orc:1    | Killed a deep elf mage
  9130 | Orc:1    | Noticed a deep elf mage
  9139 | Orc:1    | Killed a deep elf mage
  9139 | Orc:1    | Reached skill level 18 in Axes
  9320 | Orc:2    | Entered Level 2 of the Orcish Mines
  9320 | Orc:2    | Noticed an orc sorcerer
  9325 | Orc:2    | Noticed a two-headed ogre
  9327 | Orc:2    | Killed an orc sorcerer
  9329 | Orc:2    | Killed a two-headed ogre
  9802 | Orc:2    | Found a staircase to the Elven Halls.
  9848 | Orc:2    | Noticed an orc sorcerer
  9856 | Orc:2    | Found a roughly hewn altar of Beogh.
  9859 | Orc:2    | Killed an orc sorcerer
  9895 | Orc:1    | Noticed IcyNumb's ghost (journeyman KoHu)
  9898 | Orc:1    | Noticed an orc high priest
  9919 | Orc:1    | Killed an orc high priest
 10284 | Orc:1    | Killed IcyNumb's ghost
 10284 | Orc:1    | Reached skill level 10 in Armour
 10753 | D:10     | Entered Level 10 of the Dungeon
 10758 | D:10     | Noticed a two-headed ogre
 10771 | D:10     | Reached skill level 19 in Axes
 10773 | D:10     | Killed a two-headed ogre
 11077 | D:10     | Reached XP level 12. HP: 83/90 MP: 11/11
 12292 | D:11     | Reached skill level 5 in Fighting
 12756 | D:12     | Noticed Snorg
 12774 | D:12     | Killed Snorg
 12932 | D:12     | Received a gift from Trog
 12961 | D:12     | Found a frozen archway.
 13058 | IceCv    | Entered an ice cave
 13639 | IceCv    | Reached skill level 20 in Axes
 13688 | IceCv    | Noticed a reaper
 13693 | IceCv    | Killed a reaper
 13699 | IceCv    | Got a steaming hunting sling
 14254 | D:12     | Identified the +8 hunting sling "Jellybane" {freeze, *Slow rElec Int-3 Stlth+} (You found it in an ice cave)
 14830 | D:13     | Reached XP level 13. HP: 111/111 MP: 4/12
 14994 | D:13     | Reached skill level 10 in Fighting
 15852 | D:13     | Received a gift from Trog
 15852 | D:13     | Reached skill level 21 in Axes
 15947 | D:13     | Found a gate to the Vaults.
 15982 | D:13     | Got a coiled marble ring
 16012 | D:13     | Lost intelligence.
 16012 | D:13     | Identified the cursed ring of Vableg {rPois Str-3 Int-5 Dex+6} (You found it on level 13 of the Dungeon)
 16070 | D:14     | Found a burning altar of Makhleb.
 16223 | D:14     | Noticed Joseph
 16240 | D:14     | HP: 3/118 [Joseph/sling bullet (8)]
 16240 | D:14     | HP: 1/118 [Joseph/sling bullet (2)]
 16240 | D:14     | Mangled by a wight

Skill      XL: |  1  2  3  4  5  6  7  8  9 10 11 12 13 |
---------------+----------------------------------------+-----
Axes           | 4 5 6 7 8 9 11 13 16 17 19 20 21 | 21.4
Armour         | 7 11 | 11.3
Fighting       | 9 12 | 12.1
Dodging        | |  2.1

Action                   |  1- 3 |  4- 6 |  7- 9 | 10-12 | 13-15 || total
-------------------------+-------+-------+-------+-------+-------++-------
Melee: Hand axe          |    55 |    94 |       |       |       ||   149
       Headbutt          |     9 |    29 |    47 |   114 |    42 ||   241
       War axe           |       |    67 |   250 |     7 |       ||   324
       Battleaxe         |       |       |       |   552 |   177 ||   729
       Executioner's axe |       |       |       |    83 |    14 ||    97
Throw: Tomahawk          |       |     1 |     2 |       |       ||     3
Invok: Berserk           |     5 |     7 |     7 |    25 |     5 ||    49
       Trog's Hand       |       |     2 |     2 |     9 |     1 ||    14
       Burn Spellbooks   |       |       |     1 |     4 |       ||     5
       Brothers in Arms  |       |       |     1 |     5 |       ||     6
Evoke: Wand              |       |       |       |     1 |       ||     1
  Use: Potion            |     1 |       |       |     2 |     1 ||     4
       Scroll            |       |       |    18 |     6 |     2 ||    26
  Eat: Meat ration       |     1 |       |       |     1 |       ||     2
       Chunk             |       |    16 |    16 |    35 |     5 ||    72
       Fruit             |       |       |       |     6 |       ||     6
       Royal jelly       |       |       |       |     1 |       ||     1
       Bread ration      |       |       |       |     2 |     1 ||     3
Armor: Animal skin       |     5 |       |       |       |       ||     5
       Ring mail         |     4 |    20 |       |       |       ||    24
       Chain mail        |       |    22 |    84 |   170 |    70 ||   346
       Plate armour      |       |       |       |    81 |       ||    81
       Troll leather arm |       |       |       |       |    17 ||    17
Dodge: Dodged            |    37 |    85 |    76 |   298 |    91 ||   587
Block: Other             |       |       |    36 |   131 |    25 ||   192
       Reflection        |       |       |     5 |    12 |     4 ||    21
